 Dungeon Crawl Stone Soup version 0.26-a0-707-g31817bcca1 (webtiles) character file.

Game seed: 1010089285678200129

2217 ringo67 the Conjurer (level 9, 0/54 HPs)
             Began as a Kobold Conjurer on Oct 26, 2020.
             Was an Initiate of Vehumet.
             Slain by an orc warrior
             ... wielding a +0 scimitar
              (18 damage)
             ... on level 7 of the Dungeon.
             The game lasted 00:22:19 (13058 turns).

ringo67 the Conjurer (Kobold Conjurer)             Turns: 13058, Time: 00:22:20

Health: 0/54       AC:  7    Str:  4    XL:     9   Next: 61%
Magic:  11/18      EV: 13    Int: 23    God:    Vehumet [......]
Gold:   344        SH:  0    Dex: 19    Spells: 13/20 levels left

rFire    . . .     SeeInvis .   A - +4 war axe
rCold    . . .     Faith    .   (shield restricted)
rNeg     . . .     Spirit   .   p - +0 ring mail
rPois    .         Reflect  .   (no helmet)
rElec    .         Harm     .   g - +1 cloak
rCorr    .         Rampage  .   (no gloves)
MR       .....                  (no boots)
Stlth    +++.......             (no amulet)
HPRegen  0.18/turn              b - +6 ring of dexterity
MPRegen  0.16/turn              n - ring of wizardry

@: no status effects
A: small, nightstalker 3
a: Renounce Religion


You were on level 7 of the Dungeon.
You worshipped Vehumet.
Vehumet was noncommittal.
You visited 2 branches of the dungeon, and saw 8 of its levels.
You also visited: Bailey.

You collected 344 gold pieces.

Inventory:

Hand Weapons
 c - a +0 rapier
 s - a +0 short sword
 A - a +4 war axe (weapon)
Armour
 a - a +0 robe
 f - a +0 buckler
 g - a +1 cloak (worn)
 p - a +0 ring mail (worn)
 y - a +0 scale mail
Magical Staves
 m - an uncursed staff of fire
Jewellery
 b - a +6 ring of dexterity (left hand)
 n - a ring of wizardry (right hand)
 o - a +6 ring of dexterity
Wands
 k - a wand of flame (25)
Scrolls
 e - a scroll of amnesia
 h - 2 scrolls of enchant armour
 l - 3 scrolls of remove curse
 r - 2 scrolls of identify
 w - a scroll of noise {unknown}
 x - 2 scrolls of immolation
Potions
 d - 5 potions of haste
 i - 2 potions of degeneration {unknown}
 j - 2 potions of mutation {unknown}
 q - 3 potions of curing {unknown}
 t - 2 potions of magic {unknown}
 u - 2 potions of flight {unknown}
 v - a potion of brilliance {unknown}


   Skills:
 - Level 5.2 Fighting
 - Level 6.1 Dodging
 - Level 2.6 Stealth
 - Level 3.5 Shields
 - Level 6.0 Spellcasting
 + Level 7.5 Conjurations
 + Level 2.4 Hexes


You had 13 spell levels left.
You knew the following spells:

 Your Spells              Type           Power        Failure   Level
a - Magic Dart            Conj           ####         1%          1
b - Searing Ray           Conj           #####.       1%          2
c - Fulminant Prism       Conj/Hex       ####......   26%         4

Your spell library contained the following spells:

 Spells                   Type           Power        Failure   Level
 Corona                   Hex            ###....      8%          1
 Dazzling Flash           Conj/Hex       ####..       9%          3
 Ensorcelled Hibernation  Hex/Ice        ##....       19%         2
 Confusing Touch          Hex            ###.....     22%         3
 Tukima's Dance           Hex            ###.....     22%         3
 Iskenderun's Mystic Bla  Conj/Tloc      ###.....     38%         4


Dungeon Overview and Level Annotations

Branches:
Dungeon (7/15)             Temple (1/1) D:6          Bailey (visited)

Altars:
Ashenzari
Cheibriados
Elyvilon
Fedhas
Gozag
Hepliaklqana
Kikubaaqudgha
Makhleb
Nemelex Xobeh
Okawaru
Qazlal
Ru
Sif Muna
Trog
Uskayaw
Vehumet
Wu Jian
Xom
Zin
The Shining One

Annotations:
D:4 3 runed translucent doors


Innate Abilities, Weirdness & Mutations

You are small and have problems with some larger weapons.
You are completely attuned to the shadows.


Message History

You kill the orc priest!
Vehumet accepts your kill.
You finish channeling your searing ray.
The orc warrior closely misses you.
Casting: Searing Ray (safe; 1% risk of failure)
Confirm with . or Enter, or press ? or * to list all spells.
Aiming: Searing Ray (safe; 1% risk of failure)
Press: ? - help, Shift-Dir - straight line, f - orc warrior
Aim: an orc warrior, wielding a +0 scimitar and wearing a +0 plate armour (moderately wounded)
The searing ray hits the orc warrior.
The orc warrior is heavily wounded. (Press . to maintain the ray.)
The orc warrior hits you with a +0 scimitar!!
The searing ray hits the orc warrior.
The orc warrior is heavily wounded.
The searing ray hits the orc!
You kill the orc!
Vehumet accepts your kill.
The orc warrior hits you with a +0 scimitar!!
You die...

........>.#'##
....#...#.#.#
..######.#.#.#.#.#
......<#.#.#.#.#.#
..#......#.#...#.#
........#.#.....#
.≈≈≈≈≈≈≈.#.#.....#
.≈#####≈.#.#.....#
#...#≈.#.#...#@#
#.∩))≈...#...#o#
#...#≈...#.#.#)#
#####≈...#.#(#)#
≈≈≈.###.#...#
............#
#.......###
...(...>..#
#......####


You could see an orc warrior.

Vanquished Creatures
  Grinder (D:4)
  Duvessa (D:4)
  3 black bears (D:6)
  3 ogres
  A phantom (D:5)
  3 bullfrogs
  Blork the orc (D:4)
  Dowan (D:4)
  3 howler monkeys
  4 wights (D:6)
  A jelly (D:6)
  4 hounds
  2 orc priests
  A bullfrog skeleton (D:4)
  Natasha (twice) (D:2)
  2 iguanas
  3 worker ants
  A hound zombie (D:7)
  A worker ant zombie (D:5)
  11 adders
  2 shadow imps
  An ufetubus (D:5)
  An ooze (D:1)
  9 worms
  4 dart slugs
  4 leopard geckos
  17 orcs
  A ball python (D:3)
  5 giant cockroaches
  9 goblins
  12 hobgoblins
  12 jackals
  3 quokkas
  9 bats
  7 frilled lizards
  A jackal zombie (D:5)
  4 kobolds
  A quokka skeleton (D:4)
  7 rats
158 creatures vanquished.

Vanquished Creatures (others)
  29 plants
29 creatures vanquished.

Grand Total: 187 creatures vanquished

Notes
Turn   | Place    | Note
-------+----------+-------------------------------------------
     0 | D:1      | ringo67 the Kobold Conjurer began the quest for the Orb.
     0 | D:1      | Reached XP level 1. HP: 10/10 MP: 3/3
   190 | D:1      | Reached XP level 2. HP: 14/15 MP: 0/5
   561 | D:1      | Learned a level 2 spell: Searing Ray
   810 | D:1      | Reached XP level 3. HP: 19/19 MP: 0/7
  1609 | D:2      | Found a broken altar of Ashenzari.
  2353 | D:2      | Reached XP level 4. HP: 24/24 MP: 5/9
  2780 | D:2      | Noticed Natasha
  2785 | D:2      | Killed Natasha
  2942 | D:2      | Reached skill level 5 in Conjurations
  3276 | D:2      | Found a burning altar of Makhleb.
  3357 | D:2      | Noticed Natasha
  3364 | D:2      | Killed Natasha
  3364 | D:2      | Reached XP level 5. HP: 28/28 MP: 5/10
  4793 | D:3      | Found a hazy altar of Hepliaklqana.
  4865 | D:3      | Reached XP level 6. HP: 25/33 MP: 9/12
  5011 | D:3      | Reached skill level 1 in Fighting
  5905 | D:4      | Found a glowing silver altar of Zin.
  5909 | D:4      | Noticed Blork the orc
  5916 | D:4      | Killed Blork the orc
  5916 | D:4      | Reached skill level 1 in Shields
  6805 | D:4      | Found a runed translucent gate.
  6805 | D:4      | Found a runed translucent gate.
  6805 | D:4      | Found a runed translucent gate.
  6903 | D:4      | Noticed a moth of wrath
  6904 | D:4      | Noticed an ogre
  6919 | D:4      | Killed an ogre
  6919 | D:4      | Reached XP level 7. HP: 40/40 MP: 8/13
  7075 | D:4      | Found a bloodstained altar of Trog.
  7495 | D:4      | Noticed Duvessa
  7498 | D:4      | Noticed Dowan
  7509 | D:4      | Killed Duvessa
  7742 | D:4      | Killed Dowan
  7742 | D:4      | Reached skill level 6 in Conjurations
  7815 | D:4      | Noticed Grinder
  7878 | D:4      | Killed Grinder
  7878 | D:4      | Reached skill level 5 in Spellcasting
  7878 | D:4      | Reached XP level 8. HP: 44/46 MP: 3/15
  9278 | D:5      | Entered Level 5 of the Dungeon
  9569 | D:5      | Reached skill level 5 in Dodging
 10309 | D:5      | Reached XP level 9. HP: 52/52 MP: 10/17
 11247 | D:6      | Reached skill level 7 in Conjurations
 11324 | D:6      | Reached skill level 5 in Fighting
 11449 | D:6      | Learned a level 4 spell: Fulminant Prism
 11512 | D:6      | Found a staircase to the Ecumenical Temple.
 11521 | Temple   | Entered the Ecumenical Temple
 11823 | D:6      | Reached skill level 1 in Hexes
 12502 | D:7      | Found a flagged portal.
 12534 | Bailey   | Entered a bailey
 12540 | Bailey   | Noticed an orc knight
 12968 | D:7      | Found a snail-covered altar of Cheibriados.
 12968 | D:7      | Found a radiant altar of Vehumet.
 12973 | D:7      | Became a worshipper of Vehumet
 13058 | D:7      | Slain by an orc warrior

Illustrated notes

Levels and vault maps discovered:
D:1:      mrwooster_arrival_statue_3, layout_rooms
D:2:      layout_loops_ring, makhleb_altar_promises_db,
          minmay_misc_feat_more_columns, serial_bayou_lagoon_a, st_stairs_14,
          nicolae_ashenzari_panopticon, uniq_natasha
D:3:      layout_basic, lemuel_coloured_pillars_altar
D:4:      minmay_chambers_of_twos, layout_cave_pods, zin_academy,
          ebering_ghost_rock_garden, tgw_trog, uniq_duvessa, uniq_grinder,
          uniq_blork_the_orc
D:5:      layout_cave_pools, serial_bayou_lake_a
D:6:      minmay_general_purpose_star, layout_basic,
          minmay_temple_entry_purple_smoke, corexii_corridor_pit
D:7:      layout_basic, gammafunk_temple_overflow_pools, enter_bailey_3,
          minmay_microvault, uniq_crazy_yiuf_cottage
Temple:   dpeg_chambers_temple

Skill      XL: |  1  2  3  4  5  6  7  8  9 |
---------------+----------------------------+-----
Spellcasting   | 3 4 5 6 |  6.0
Conjurations   | 5 6 7 |  7.5
Fighting       | 2 3 4 5 |  5.2
Dodging        | 3 4 5 6 |  6.1
Shields        | 1 2 3 |  3.5
Hexes          | 2 |  2.4
Stealth        | |  2.6

Action                   |  1- 3 |  4- 6 |  7- 9 || total
-------------------------+-------+-------+-------++-------
Melee: Unarmed           |    23 |       |       ||    23
       Whip              |    16 |    44 |       ||    60
       Short sword       |       |    33 |    31 ||    64
       War axe           |       |       |    22 ||    22
 Cast: Magic Dart        |    74 |    23 |    23 ||   120
       Searing Ray       |     2 |    18 |    49 ||    69
  Use: Scroll            |       |       |     8 ||     8
 Stab: Sleeping          |       |     4 |     8 ||    12
Armor: Robe              |    17 |       |       ||    17
       Ring mail         |       |    30 |    39 ||    69
       Leather armour    |       |     6 |       ||     6
Dodge: Dodged            |    67 |    73 |    89 ||   229

Table legend: (Time is in decaauts)
 A = Elapsed time spent in this place.
 B = Non-inter-level travel time spent in this place.
 C = Inter-level travel time spent in this place.
 D = Time resting spent in this place.
 E = Time spent auto-exploring this place.
 F = Levels seen in this place.
 G = Mean time per level.
                   A        B        C        D        E       F      G
               +--------+--------+--------+--------+--------+-----+--------+
         Total |  13126 |  12988 |    138 |   6361 |   5263 |   9 | 1458.4 |
       Dungeon |  12836 |  12703 |    133 |   6361 |   4998 |   7 | 1833.7 |
        Temple |    271 |    266 |      5 |      0 |    265 |   1 |  271.0 |
        Bailey |     18 |     18 |      0 |      0 |      0 |   1 |   18.0 |
               +--------+--------+--------+--------+--------+-----+--------+

Top non-repeatable levels by time:
     D:4: 4217 daAuts
     D:2: 2351 daAuts
     D:3: 1803 daAuts
     D:6: 1398 daAuts
     D:5: 1367 daAuts
     D:1: 1137 daAuts
     D:7: 560 daAuts
  Temple: 271 daAuts
  Bailey: 18 daAuts
